 Dungeon Crawl Stone Soup version 0.21.1-1-g345015f (webtiles) character file.

56162 keltmir the Cleaver (level 14, -1/109 HPs)
             Began as a Gnoll Wanderer on Apr 7, 2018.
             Was a High Priest of Okawaru.
             Splashed by an oklob plant's acid (14 damage)
             ... on level 6 of the Lair of Beasts.
             The game lasted 01:36:52 (27701 turns).

keltmir the Cleaver (Gnoll Wanderer)               Turns: 27701, Time: 01:36:54

Health: -1/109     AC:  9    Str: 18    XL:     14   Next: 80%
Magic:  27/27      EV: 11    Int: 17    God:    Okawaru [*****.]
Gold:   532        SH:  2    Dex: 18    Spells: 24/31 levels left

rFire    . . .     SeeInvis +   b - +5 war axe of Fortitude {pain, rPois rN+ Dex+4}
rCold    + . .     Gourm    .   (no shield)
rNeg     + . .     Faith    .   p - +2 plate armour {rC+}
rPois    +         Spirit   .   H - +2 hat
rElec    .         Reflect  +   G - +0 cloak
rCorr    .         Harm     .   o - +0 pair of gloves
MR       +....                  (no boots)
Stlth    ..........             I - +2 amulet of reflection
HPRegen  0.28/turn              X - ring of see invisible
MPRegen  0.20/turn              n - ring of wizardry

@: corroded
A: distributed training, fangs 1, strong nose
a: Heroism, Finesse, Renounce Religion


You were on level 6 of the Lair of Beasts.
You worshipped Okawaru.
Okawaru was extremely pleased with you.
You were not hungry.

You visited 2 branches of the dungeon, and saw 18 of its levels.
You also visited: Ossuary.

You collected 1132 gold pieces.
You spent 600 gold pieces at shops.

Inventory:

Hand Weapons
 a - a +1 blowgun
 b - the +5 war axe of Fortitude (weapon) {pain, rPois rN+ Dex+4}
   (You found it on level 7 of the Dungeon)

   In the hands of one skilled in necromantic magic, it inflicts extra damage on
   living creatures.
   It affects your dexterity (+4).
   It protects you from poison.
   It protects you from negative energy.
 m - a +3 trident of freezing
 x - the +8 quarterstaff "Demonbane" {flame, MP+9}
   (You found it on level 10 of the Dungeon)

   It has been specially enchanted to burn those struck by it, causing extra
   injury to most foes and up to half again as much damage against particularly
   susceptible opponents.
   It affects your magic capacity (+9).
 P - a +1 triple sword of slicing
Missiles
 f - 2 poisoned javelins (quivered)
 h - 15 needles of sleeping
 y - 52 poisoned needles
Armour
 o - a +0 pair of gloves (worn)
 p - a +2 plate armour of cold resistance (worn)
 G - a +0 cloak (worn)
 H - a +2 hat (worn)
 Y - the +2 robe "Woscha Bioj" {rN+ Int+3 Dex+2 Slay+5}
   (You found it on level 9 of the Dungeon)

   It affects your intelligence (+3).
   It affects your dexterity (+2).
   It affects your accuracy and damage with ranged weapons and melee attacks
   (+5).
   It protects you from negative energy.
Jewellery
 j - an uncursed ring of resist corrosion
 n - a ring of wizardry (right hand)
 I - a +2 amulet of reflection (around neck)
 O - an uncursed amulet of rage
 X - a ring of see invisible (left hand)
Wands
 r - a wand of iceblast (10)
 t - a wand of paralysis (17)
 u - a wand of flame (31)
 M - a wand of acid (8)
 Q - a wand of digging (31)
 R - a wand of polymorph (16)
Scrolls
 e - 5 scrolls of blinking
 s - a scroll of remove curse
 w - a scroll of identify
 A - 4 scrolls of teleportation
 J - 3 scrolls of amnesia
 K - a scroll of enchant armour
 L - a scroll of fear
 N - 5 scrolls of enchant weapon
 W - a scroll of silence
Potions
 c - 5 potions of lignification
 i - 3 potions of haste
 k - 7 potions of flight
 l - 3 potions of mutation
 q - 15 potions of curing
 v - 3 potions of agility
 z - a potion of magic
 B - a potion of invisibility
 C - 3 potions of ambrosia
 D - a potion of cancellation
 E - 6 potions of brilliance
 F - a potion of resistance
 U - 3 potions of might
 V - a potion of berserk rage
Comestibles
 d - 28 rations


   Skills:
 + Level 9.7 Fighting
 + Level 9.3 Short Blades
 + Level 9.3 Long Blades
 + Level 13.4 Axes
 + Level 9.3 Maces & Flails
 + Level 9.3 Polearms
 + Level 9.3 Staves
 + Level 9.3 Slings
 + Level 9.3 Bows
 + Level 9.3 Crossbows
 + Level 10.4 Throwing
 + Level 10.4 Armour
 + Level 9.3 Dodging
 + Level 9.3 Stealth
 + Level 9.3 Shields
 + Level 9.3 Unarmed Combat
 + Level 9.3 Spellcasting
 + Level 7.8 Conjurations
 + Level 7.8 Hexes
 + Level 7.8 Charms
 + Level 7.8 Summonings
 + Level 7.8 Necromancy
 + Level 7.8 Translocations
 + Level 7.8 Transmutations
 + Level 7.8 Fire Magic
 + Level 7.8 Ice Magic
 + Level 7.8 Air Magic
 + Level 7.8 Earth Magic
 + Level 7.8 Poison Magic
 + Level 10.2 Invocations
 + Level 9.3 Evocations


You had 24 spell levels left.
You knew the following spells:

 Your Spells              Type           Power        Failure   Level  Hunger
a - Conjure Flame         Conj/Fire      ####....     10%         3    None
b - Petrify               Tmut/Erth      ####....     30%         4    ###....


Dungeon Overview and Level Annotations

Branches:
Dungeon (12/15)            Temple (0/1) D:6            Lair (6/6) D:10
  Swamp (0/4) Lair:2       Spider (0/4) Lair:2        Slime (0/5) Lair:6
    Orc (0/2) D:9

Altars:
Ashenzari
Elyvilon
Gozag
Hepliaklqana
Makhleb
Nemelex Xobeh
Okawaru
Qazlal
Trog
Vehumet
Xom
Yredelemnul
Beogh

Shops:
D:12 [

Annotations:
Lair:6 exclusion: oklob plant


Innate Abilities, Weirdness & Mutations

Your experience applies equally to all skills.
You have very sharp teeth.
Your uncanny sense of smell can sniff out nearby items.


Message History

The acid burns!
You slash the oklob plant!
You bite the oklob plant, but do no damage.
The oklob plant is heavily damaged.
The oklob plant spits acid at you. The splash of acid hits you!
The acid corrodes you!
You are splashed with acid!
The acid burns!
* * * LOW HITPOINT WARNING * * *
You hit the oklob plant but do no damage.
The oklob plant is heavily damaged.
You hit the oklob plant but do no damage.
The oklob plant is heavily damaged.
You slash the oklob plant!
You bite the oklob plant, but do no damage.
The oklob plant is severely damaged.
The oklob plant spits acid at you. The splash of acid hits you!
* * * LOW HITPOINT WARNING * * *
The acid corrodes you!
You are splashed with acid!
The acid burns!
You die...

#........#.#.#..##
##..†.......#####
#............# ##
#####.!..#$#.P...#
#..#.#P#..P..####...#
..#......#...# #.#.#
PP.......#..#.P## ..####
..........<.....# .P.P..
.....>P@................
......(..P...#..........
..........#####....P##..
#.........# ##.P ##..
#.P....#..# P.##...
#.#.......# ....... .
......... #.P.... ......
.... ....... ..##...


You could see an oklob plant.

Vanquished Creatures
  Kirke (Lair:4)
  The ghost of Mirai the Fighter, a journeyman DsFi of Okawaru (D:12)
  3 hydras
  2 catoblepae (Lair:5)
  5 two-headed ogres
  Erica (Lair:2)
  15 death yaks
  2 unseen horrors
  Pikel (D:7)
  A deep elf mage (D:12)
  2 oklob plants
  2 manticores (Lair:5)
  5 elephants (Lair:3)
  Maurice (D:8)
  3 cyclopes
  A centaur zombie (D:11)
  2 gargoyles
  Joseph (D:8)
  A black mamba (Lair:5)
  A centaur skeleton (D:12)
  A guardian serpent (D:11)
  9 spiny frogs
  5 rime drakes
  6 komodo dragons
  2 trolls
  The ghost of Mirai the Skirmisher, an amateur DsFi (D:4)
  A polar bear (Lair:4)
  16 blink frogs
  A meliai zombie (D:11)
  Prince Ribbit (D:7)
  7 dream sheep
  10 hippogriffs
  Sigmund (D:7)
  2 vampires
  9 hogs
  A human (D:7)
  A wyvern (D:10)
  34 yaks
  A hungry ghost (D:12)
  Grum (D:8)
  A basilisk (Lair:1)
  8 vampire mosquitoes
  Edmund (D:7)
  4 porcupines
  12 water moccasins
  A slave (D:7)
  5 orc warriors
  A black bear (Lair:1)
  2 eyes of draining
  An ice beast (D:7)
  2 sky beasts
  An ogre (D:11)
  2 phantoms (D:8)
  3 wolves (D:8)
  6 centaurs
  8 crocodiles
  Blork the orc (D:6)
  2 big kobolds
  18 bullfrogs
  A gnoll sergeant (D:12)
  2 water moccasin zombies (Ossuary)
  A wyvern skeleton (D:11)
  4 scorpions
  A water moccasin skeleton (D:7)
  3 wights (D:6)
  4 killer bees (D:9)
  The ghost of Mirai the Shield-Bearer, a weakling DsFi (D:3)
  2 howler monkeys
  A spectral centaur (D:11)
  4 crimson imps
  A quasit (D:9)
  A bullfrog zombie (D:12)
  6 jellies
  8 orc priests
  3 bullfrog skeletons
  2 hounds
  2 iguanas
  6 orc wizards
  8 worker ants
  2 big kobold zombies (Ossuary)
  A hound zombie (D:5)
  2 mummies (Ossuary)
  A worker ant zombie (D:11)
  A howler monkey skeleton (D:11)
  9 adders
  3 shadow imps
  10 adder zombies
  2 adder skeletons
  2 worms
  2 dart slugs (D:1)
  7 leopard geckos
  47 orcs
  4 giant cockroaches
  10 goblins
  2 hobgoblins
  4 jackals
  4 quokkas
  3 bats
  2 frilled lizards (D:3)
  A gnoll zombie (Ossuary)
  8 hobgoblin zombies (Ossuary)
  16 kobolds
  5 kobold zombies (Ossuary)
  4 orc zombies (Ossuary)
  2 quokka skeletons (D:4)
  6 rats
  2 plants
463 creatures vanquished.

Vanquished Creatures (others)
  A human (Lair:5)
  A slave (D:7)
  An ogre (D:7)
  A bullfrog (D:7)
  A centaur skeleton (D:7)
  A shadow imp (D:7)
6 creatures vanquished.

Grand Total: 469 creatures vanquished

Notes
Turn   | Place    | Note
-------+----------+-------------------------------------------
     0 | D:1      | Reached skill level 10 in Axes
     0 | D:1      | keltmir the Gnoll Wanderer began the quest for the Orb.
     0 | D:1      | keltmir set off with: a +2 scale mail, a +0 hand axe, a potion of lignification, a ration
     0 | D:1      | Reached XP level 1. HP: 17/17 MP: 1/1
   227 | D:1      | Reached XP level 2. HP: 23/23 MP: 2/2
   738 | D:2      | Reached XP level 3. HP: 19/28 MP: 3/3
  1153 | D:2      | Reached skill level 1 in Invocations
  1469 | D:3      | Found a stormy altar of Qazlal.
  1473 | D:3      | Noticed Mirai's ghost (weakling DsFi)
  1780 | D:3      | Found a radiant altar of Vehumet.
  1812 | D:3      | Reached skill level 1 in Short Blades
  1812 | D:3      | Reached skill level 1 in Long Blades
  1812 | D:3      | Reached skill level 1 in Maces & Flails
  1812 | D:3      | Reached skill level 1 in Polearms
  1812 | D:3      | Reached skill level 1 in Staves
  1812 | D:3      | Reached skill level 1 in Slings
  1812 | D:3      | Reached skill level 1 in Bows
  1812 | D:3      | Reached skill level 1 in Crossbows
  1812 | D:3      | Reached skill level 1 in Dodging
  1812 | D:3      | Reached skill level 1 in Stealth
  1812 | D:3      | Reached skill level 1 in Shields
  1812 | D:3      | Reached skill level 1 in Unarmed Combat
  1812 | D:3      | Reached skill level 1 in Spellcasting
  1812 | D:3      | Reached skill level 1 in Evocations
  1862 | D:3      | Reached XP level 4. HP: 34/34 MP: 5/5
  2132 | D:3      | Noticed a sky beast
  2169 | D:3      | Reached skill level 1 in Conjurations
  2169 | D:3      | Reached skill level 1 in Hexes
  2169 | D:3      | Reached skill level 1 in Charms
  2169 | D:3      | Reached skill level 1 in Summonings
  2169 | D:3      | Reached skill level 1 in Necromancy
  2169 | D:3      | Reached skill level 1 in Translocations
  2169 | D:3      | Reached skill level 1 in Transmutations
  2169 | D:3      | Reached skill level 1 in Fire Magic
  2169 | D:3      | Reached skill level 1 in Ice Magic
  2169 | D:3      | Reached skill level 1 in Air Magic
  2169 | D:3      | Reached skill level 1 in Earth Magic
  2169 | D:3      | Reached skill level 1 in Poison Magic
  2182 | D:3      | Killed a sky beast
  2182 | D:3      | Reached XP level 5. HP: 31/41 MP: 5/7
  2516 | D:3      | Killed Mirai's ghost
  2516 | D:3      | Reached XP level 6. HP: 47/47 MP: 8/8
  3009 | D:4      | Found a shattered altar of Ashenzari.
  3062 | D:4      | Reached skill level 5 in Throwing
  3062 | D:4      | Reached skill level 5 in Armour
  3291 | D:4      | Reached XP level 7. HP: 51/52 MP: 10/10
  3419 | D:4      | Noticed Mirai's ghost (amateur DsFi)
  5110 | D:5      | Entered Level 5 of the Dungeon
  5271 | D:5      | Found a sand-covered staircase.
  5345 | Ossuary  | Entered an ossuary
  5821 | Ossuary  | Reached XP level 8. HP: 34/60 MP: 12/12
  5827 | Ossuary  | HP: 1/60 [mummy (14)]
  6321 | D:5      | Found a bloodstained altar of Trog.
  6322 | D:5      | Found an iron altar of Okawaru.
  6336 | D:5      | Became a worshipper of Warmaster Okawaru
  6374 | D:5      | Found a sparkling altar of Nemelex Xobeh.
  6982 | D:6      | Found an opulent altar of Gozag.
  7145 | D:6      | Noticed Blork the orc
  7205 | D:6      | Killed Blork the orc
  7453 | D:6      | Found a staircase to the Ecumenical Temple.
  8035 | D:7      | Reached * piety under Okawaru
  8286 | D:7      | Reached XP level 9. HP: 57/66 MP: 14/14
  8344 | D:7      | Got a jewelled war axe
  8345 | D:7      | Identified the +5 war axe of Fortitude {pain, rPois rN+ Dex+4} (You found it on level 7 of the Dungeon)
  8366 | D:7      | Reached skill level 11 in Axes
  8681 | D:7      | Noticed Prince Ribbit
  8688 | D:7      | Killed Prince Ribbit
  8743 | D:7      | Noticed Pikel
  8795 | D:7      | Killed Pikel
  8795 | D:7      | Reached ** piety under Okawaru
  8795 | D:7      | Reached skill level 5 in Fighting
  9233 | D:7      | Noticed Edmund
  9237 | D:7      | Noticed Sigmund
  9258 | D:7      | Killed Edmund
  9272 | D:7      | Killed Sigmund
  9272 | D:7      | Reached skill level 5 in Invocations
  9433 | D:7      | Reached *** piety under Okawaru
  9436 | D:7      | Reached XP level 10. HP: 40/74 MP: 15/17
  9500 | D:7      | Found a shimmering altar of Xom.
  9608 | D:7      | Found a hazy altar of Hepliaklqana.
  9609 | D:7      | Noticed a spectral ugly thing
  9700 | D:8      | Found a white marble altar of Elyvilon.
  9734 | D:8      | Received a gift from Okawaru
  9739 | D:8      | Reached skill level 5 in Short Blades
  9739 | D:8      | Reached skill level 5 in Long Blades
  9739 | D:8      | Reached skill level 5 in Maces & Flails
  9739 | D:8      | Reached skill level 5 in Polearms
  9739 | D:8      | Reached skill level 5 in Staves
  9739 | D:8      | Reached skill level 5 in Slings
  9739 | D:8      | Reached skill level 5 in Bows
  9739 | D:8      | Reached skill level 5 in Crossbows
  9739 | D:8      | Reached skill level 5 in Dodging
  9739 | D:8      | Reached skill level 5 in Stealth
  9739 | D:8      | Reached skill level 5 in Shields
  9739 | D:8      | Reached skill level 5 in Unarmed Combat
  9739 | D:8      | Reached skill level 5 in Spellcasting
  9739 | D:8      | Reached skill level 5 in Evocations
  9778 | D:8      | Noticed Grum
  9814 | D:8      | Killed Grum
 10340 | D:4      | Killed Mirai's ghost
 10340 | D:4      | Reached **** piety under Okawaru
 10629 | D:8      | Noticed Maurice
 10655 | D:8      | Killed Maurice
 10857 | D:8      | Noticed Joseph
 10874 | D:8      | Killed Joseph
 11334 | D:8      | Found a basalt altar of Yredelemnul.
 11379 | D:8      | Received a gift from Okawaru
 11545 | D:9      | Noticed a two-headed ogre
 11592 | D:8      | Killed a two-headed ogre
 11592 | D:8      | Reached XP level 11. HP: 66/82 MP: 19/19
 12277 | D:9      | Reached ***** piety under Okawaru
 12298 | D:9      | Learned a level 3 spell: Conjure Flame
 12370 | D:9      | Reached skill level 5 in Conjurations
 12370 | D:9      | Reached skill level 5 in Hexes
 12370 | D:9      | Reached skill level 5 in Charms
 12370 | D:9      | Reached skill level 5 in Summonings
 12370 | D:9      | Reached skill level 5 in Necromancy
 12370 | D:9      | Reached skill level 5 in Translocations
 12370 | D:9      | Reached skill level 5 in Transmutations
 12370 | D:9      | Reached skill level 5 in Fire Magic
 12370 | D:9      | Reached skill level 5 in Ice Magic
 12370 | D:9      | Reached skill level 5 in Air Magic
 12370 | D:9      | Reached skill level 5 in Earth Magic
 12370 | D:9      | Reached skill level 5 in Poison Magic
 12494 | D:9      | Received a gift from Okawaru
 12630 | D:9      | Found a staircase to the Orcish Mines.
 12636 | D:9      | Found a roughly hewn altar of Beogh.
 12666 | D:9      | Found a burning altar of Makhleb.
 12726 | D:9      | Got an ominously black robe
 12740 | D:9      | Identified the +2 robe "Woscha Bioj" {rN+ Int+3 Dex+2 Slay+5} (You found it on level 9 of the Dungeon)
 12899 | D:10     | Entered Level 10 of the Dungeon
 12911 | D:10     | Noticed a death yak
 12916 | D:10     | Noticed a death yak
 12923 | D:10     | Killed a death yak
 12923 | D:10     | Received a gift from Okawaru
 12927 | D:10     | Noticed a death yak
 13044 | D:9      | Killed a death yak
 13422 | D:10     | Reached skill level 12 in Axes
 13446 | D:10     | Found a staircase to the Lair.
 13490 | D:10     | Noticed a two-headed ogre
 13503 | D:10     | Killed a two-headed ogre
 13601 | D:10     | Received a gift from Okawaru
 13606 | D:10     | Got a wizard robe {god gift}
 13643 | D:10     | Identified the +1 robe of the Fiddle {rElec rC+} (Okawaru gifted it to you on level 10 of the Dungeon)
 13727 | D:10     | Noticed a two-headed ogre
 13730 | D:10     | Killed a two-headed ogre
 13807 | D:10     | Killed a death yak
 13807 | D:10     | Reached XP level 12. HP: 43/91 MP: 20/22
 14050 | D:10     | Got a jewelled quarterstaff
 14056 | D:10     | Identified the +8 quarterstaff "Demonbane" {flame, MP+9} (You found it on level 10 of the Dungeon)
 14241 | D:10     | Noticed a two-headed ogre
 14249 | D:10     | Killed a two-headed ogre
 14690 | D:11     | Learned a level 4 spell: Petrify
 15933 | D:12     | Noticed Mirai's ghost (journeyman DsFi)
 15991 | D:12     | Killed Mirai's ghost
 16540 | D:12     | Found Etiliw's Armour Emporium.
 16555 | D:12     | Noticed a two-headed ogre
 16646 | D:12     | Killed a two-headed ogre
 16646 | D:12     | Received a gift from Okawaru
 16649 | D:12     | Got a pair of shimmering gloves {god gift}
 16660 | D:12     | Identified the +0 pair of gloves of the Bulwark {+Blink rF+ Str-5 Int+3} (Okawaru gifted it to you on level 12 of the Dungeon)
 16880 | D:12     | Bought a +2 plate armour of cold resistance for 600 gold pieces
 17372 | Lair:1   | Entered Level 1 of the Lair of Beasts
 17478 | Lair:1   | Reached ****** piety under Okawaru
 17606 | Lair:1   | Reached XP level 13. HP: 54/98 MP: 24/24
 18749 | Lair:2   | Found a hole to the Spider Nest.
 18826 | Lair:2   | Got a brightly glowing hunting sling
 18827 | Lair:2   | Identified the +4 hunting sling "Xinlees" {venom, Dex+2} (You found it on level 2 of the Lair of Beasts)
 18991 | Lair:2   | Noticed Erica
 18994 | Lair:2   | Killed Erica
 19423 | Lair:2   | Received a gift from Okawaru
 19757 | Lair:2   | Found a staircase to the Swamp.
 20876 | Lair:3   | Received a gift from Okawaru
 22165 | Lair:3   | Reached skill level 13 in Axes
 22483 | Lair:3   | Reached XP level 14. HP: 39/108 MP: 26/26
 23281 | Lair:4   | Reached skill level 10 in Throwing
 23281 | Lair:4   | Reached skill level 10 in Armour
 23953 | Lair:4   | Received a gift from Okawaru
 24566 | Lair:5   | Found a burning altar of Makhleb.
 24592 | Lair:5   | Noticed Kirke
 25161 | Lair:4   | Killed Kirke
 25871 | Lair:5   | Reached skill level 10 in Invocations
 26943 | Lair:5   | Received a gift from Okawaru
 27346 | Lair:6   | Entered Level 6 of the Lair of Beasts
 27540 | Lair:6   | Found a staircase to the Slime Pits.
 27701 | Lair:6   | Splashed by an oklob plant's acid

Skill      XL: |  1  2  3  4  5  6  7  8  9 10 11 12 13 14 |
---------------+-------------------------------------------+-----
Axes           | 11 12 13 | 13.4
Invocations    | 1 2 3 4 5 6 7 8 9 10 | 10.2
Short Blades   | 1 2 3 4 5 6 7 8 9 |  9.3
Long Blades    | 1 2 3 4 5 6 7 8 9 |  9.3
Maces & Flails | 1 2 3 4 5 6 7 8 9 |  9.3
Polearms       | 1 2 3 4 5 6 7 8 9 |  9.3
Staves         | 1 2 3 4 5 6 7 8 9 |  9.3
Slings         | 1 2 3 4 5 6 7 8 9 |  9.3
Bows           | 1 2 3 4 5 6 7 8 9 |  9.3
Crossbows      | 1 2 3 4 5 6 7 8 9 |  9.3
Dodging        | 1 2 3 4 5 6 7 8 9 |  9.3
Stealth        | 1 2 3 4 5 6 7 8 9 |  9.3
Shields        | 1 2 3 4 5 6 7 8 9 |  9.3
Unarmed Combat | 1 2 3 4 5 6 7 8 9 |  9.3
Spellcasting   | 1 2 3 4 5 6 7 8 9 |  9.3
Evocations     | 1 2 3 4 5 6 7 8 9 |  9.3
Conjurations   | 1 2 3 4 5 6 7 |  7.8
Hexes          | 1 2 3 4 5 6 7 |  7.8
Charms         | 1 2 3 4 5 6 7 |  7.8
Summonings     | 1 2 3 4 5 6 7 |  7.8
Necromancy     | 1 2 3 4 5 6 7 |  7.8
Translocations | 1 2 3 4 5 6 7 |  7.8
Transmutations | 1 2 3 4 5 6 7 |  7.8
Fire Magic     | 1 2 3 4 5 6 7 |  7.8
Ice Magic      | 1 2 3 4 5 6 7 |  7.8
Air Magic      | 1 2 3 4 5 6 7 |  7.8
Earth Magic    | 1 2 3 4 5 6 7 |  7.8
Poison Magic   | 1 2 3 4 5 6 7 |  7.8
Fighting       | 3 4 5 6 7 8 9 |  9.7
Throwing       | 5 6 7 8 9 10 | 10.4
Armour         | 5 6 7 8 9 10 | 10.4

Action                   |  1- 3 |  4- 6 |  7- 9 | 10-12 | 13-15 || total
-------------------------+-------+-------+-------+-------+-------++-------
Melee: Hand axe          |   134 |   141 |   471 |       |       ||   746
       Bite              |    14 |    12 |    85 |    77 |   109 ||   297
       Mace              |       |       |    14 |       |       ||    14
       Punch             |       |       |     9 |       |    16 ||    25
       Trident           |       |       |    64 |       |       ||    64
       War axe           |       |       |    78 |   523 |   521 ||  1122
       Quarterstaff      |       |       |       |     4 |   115 ||   119
       Unarmed           |       |       |       |       |    12 ||    12
 Fire: Blowgun           |       |    10 |    25 |    41 |       ||    76
Throw: Tomahawk          |       |     7 |     8 |    34 |     8 ||    57
       Javelin           |       |       |       |    15 |    44 ||    59
 Cast: Conjure Flame     |       |       |       |     1 |       ||     1
Invok: Heroism           |       |       |       |     1 |     5 ||     6
       Finesse           |       |       |       |     1 |     5 ||     6
 Abil: Evoke Berserk Rag |       |       |       |       |     1 ||     1
Evoke: Wand              |       |     2 |    15 |     2 |     4 ||    23
  Use: Scroll            |     4 |     1 |    10 |    16 |    11 ||    42
       Potion            |       |       |     1 |     2 |     2 ||     5
 Stab: Paralysed         |       |     7 |    28 |       |       ||    35
       Sleeping          |       |       |       |     5 |       ||     5
       Distracted        |       |       |       |     1 |       ||     1
       Held in net/web   |       |       |       |       |     2 ||     2
  Eat: Chunk             |     1 |     6 |    10 |    21 |    22 ||    60
       Ration            |       |       |     3 |     2 |     3 ||     8
Armor: Scale mail        |    43 |    44 |   198 |    76 |       ||   361
       Robe              |       |       |       |    22 |       ||    22
       Troll leather arm |       |       |       |     5 |       ||     5
       Plate armour      |       |       |       |    35 |   363 ||   398
Dodge: Dodged            |    43 |    49 |   211 |   201 |   316 ||   820
Block: Shield            |       |       |    97 |   256 |    80 ||   433
       Other             |       |       |       |       |     6 ||     6
